[Event "Ste-Foy 5 2024-25"]
[Site "Quebec CAN"]
[Date "2025.05.05"]
[Round "4"]
[White "Miranda, Carlos"]
[Black "Deschenes, Andre-Philippe"]
[Result "1-0"]
[ECO "D02"]
[WhiteElo "1325"]
[BlackElo "1010"]
[WhiteFideId "-1"]
[WhiteFideId "-1"]
[PlyCount "77"]
[GameId "2174969458512031"]
[EventDate "2025.04.07"]
[EventType "swiss"]
[EventRounds "5"]
[EventCountry "CAN"]
[TimeControl "5400+30"]

1. d4 e6 2. Nf3 d5 3. Bf4 Nf6 4. e3 c5 5. c3 b6 6. Nbd2 Ba6 7. Bxa6 Nxa6 8. Qa4+ Qd7 9. Qxa6 Be7 10. Ne5 Qd8 11. Qb5+ Nd7 12. Nxd7 Qxd7 13. Qxd7+ Kxd7 14. O-O g5 15. Bg3 h5 16. f4 h4 17. Bf2 g4 18. g3 hxg3 19. hxg3 Rh3 20. Kg2 Rah8 21. Rh1 f5 22. Rxh3 gxh3+ 23. Kh2 cxd4 24. exd4 b5 25. a3 a6 26. Nf3 Bf6 27. Re1 Rh6 28. Ng1 Be7 29. Nxh3 Kc6 30. Kg2 Kb6 31. b4 a5 32. Be3 a4 33. Nf2 Rg6 34. Rh1 Kc7 35. Rh7 Kd7 36. Kf3 Ke8 37. g4 fxg4+ 38. Nxg4 Kd7 39. Ne5+ 1-0

[Event "Ste-Foy 5 2024-25"]
[Site "Quebec CAN"]
[Date "2025.05.05"]
[Round "4"]
[White "Wafer, Jacques"]
[Black "Laurendeau, Alfred"]
[Result "1/2-1/2"]
[ECO "A11"]
[WhiteElo "1402"]
[BlackElo "1533"]
[WhiteFideId "-1"]
[WhiteFideId "-1"]
[PlyCount "76"]
[GameId "2174969458512032"]
[EventDate "2025.04.07"]
[EventType "swiss"]
[EventRounds "5"]
[EventCountry "CAN"]
[TimeControl "5400+30"]

1. g3 d5 2. Bg2 Nf6 3. c4 c6 4. cxd5 cxd5 5. Nf3 Nc6 6. d3 e6 7. O-O Be7 8. a3 O-O 9. d4 Re8 10. e3 Bf8 11. Nbd2 e5 12. dxe5 Nxe5 13. Nxe5 Rxe5 14. b4 Re6 15. Bb2 Bd6 16. Nb3 Be5 17. Nd4 Re8 18. Qb3 Ne4 19. Rfd1 Qe7 20. Qxd5 Bxd4 21. Qxd4 f6 22. Bxe4 Qxe4 23. Qxe4 Rxe4 24. Rd8+ Kf7 25. Rad1 Re8 26. f4 Bg4 27. Rxa8 Rxa8 28. Rc1 Re8 29. Rc7+ Re7 30. Rxe7+ Kxe7 31. Kf2 g6 32. e4 Bd7 33. Ke3 Ke6 34. Kd4 Bc6 35. Bc1 f5 36. e5 a6 37. Kc5 Be4 38. Be3 Bc6 1/2-1/2

[Event "Ste-Foy 5 2024-25"]
[Site "Quebec CAN"]
[Date "2025.05.12"]
[Round "5"]
[White "Laurendeau, Alfred"]
[Black "Dussault, Michael"]
[Result "1-0"]
[ECO "A07"]
[WhiteElo "1533"]
[BlackElo "1318"]
[WhiteFideId "-1"]
[WhiteFideId "-1"]
[PlyCount "119"]
[GameId "2178586519576717"]
[EventDate "2025.04.07"]
[EventType "swiss"]
[EventRounds "5"]
[EventCountry "CAN"]
[TimeControl "5400+30"]

1. Nf3 d5 2. g3 Bf5 3. Bg2 Nf6 4. O-O e6 5. c4 Bd6 6. Nc3 c6 7. d4 dxc4 8. a4 Nbd7 9. a5 a6 10. Nd2 O-O 11. e4 Bg4 12. f3 Bh5 13. e5 Nxe5 14. dxe5 Bxe5 15. Nxc4 Bd4+ 16. Kh1 c5 17. Bg5 Qc7 18. g4 Bg6 19. f4 h6 20. Bh4 Rad8 21. Qa4 Bd3 22. Rfd1 Bxc4 23. Qxc4 Qxf4 24. Bxf6 gxf6 25. Ne2 Qxg4 26. Nxd4 Rd7 27. Qe2 Rxd4 28. Qxg4+ Rxg4 29. Bxb7 Rb8 30. Bxa6 Rxb2 31. Bc8 Kf8 32. Rg1 Rd4 33. a6 Rdd2 34. Rg3 Rxh2+ 35. Kg1 Ra2 36. Rxa2 Rxa2 37. Rg2 Ra3 38. Rc2 Ra5 39. Rb2 c4 40. Rc2 Ra4 41. Kf2 f5 42. Ke3 Kg7 43. Kd4 Kf6 44. Rxc4 e5+ 45. Kc5 Ra5+ 46. Kb6 Ra1 47. Rc6+ Kg5 48. a7 f4 49. Bb7 f3 50. a8=Q Rxa8 51. Bxa8 e4 52. Rc1 f5 53. Kc5 Kf4 54. Kd4 e3 55. Rf1 f2 56. Kd3 h5 57. Ke2 h4 58. Bb7 h3 59. Bc6 h2 60. Bh1 1-0

[Event "Ste-Foy 5 2024-25"]
[Site "Quebec CAN"]
[Date "2025.05.12"]
[Round "5"]
[White "Lebel, Michel"]
[Black "Pepin, Pierre-Luc"]
[Result "0-1"]
[ECO "C02"]
[WhiteElo "1025"]
[BlackElo "1010"]
[WhiteFideId "-1"]
[WhiteFideId "-1"]
[PlyCount "24"]
[GameId "2178586519576715"]
[EventDate "2025.04.07"]
[EventType "swiss"]
[EventRounds "5"]
[EventCountry "CAN"]
[TimeControl "5400+30"]

1. e4 e6 2. Nf3 d5 3. e5 c5 4. d4 Nc6 5. Bb5 Bd7 6. O-O cxd4 7. Nxd4 Nxe5 8. Re1 Nc6 9. Nc3 Nxd4 10. Qxd4 Bxb5 11. Nxb5 Qa5 12. a4 Qxe1# 0-1

[Event "Ste-Foy 5 2024-25"]
[Site "Quebec CAN"]
[Date "2025.05.12"]
[Round "5"]
[White "Lizotte, Olivier"]
[Black "Miranda, Carlos"]
[Result "0-1"]
[ECO "D30"]
[WhiteElo "1200"]
[BlackElo "1325"]
[WhiteFideId "-1"]
[WhiteFideId "-1"]
[PlyCount "76"]
[GameId "2178586519576716"]
[EventDate "2025.04.07"]
[EventType "swiss"]
[EventRounds "5"]
[EventCountry "CAN"]
[TimeControl "5400+30"]

1. d4 d5 2. c4 e6 3. a3 a5 4. Nc3 Nf6 5. Nf3 b6 6. cxd5 Nxd5 7. e4 Nxc3 8. bxc3 Bb7 9. Bd3 c5 10. Be3 Be7 11. Ne5 Nc6 12. Bb5 Qc7 13. Qf3 O-O 14. Nxc6 Bxc6 15. a4 Bxb5 16. axb5 cxd4 17. Bxd4 e5 18. Qg3 Bd6 19. O-O exd4 20. Qd3 dxc3 21. Rac1 Bb4 22. g3 Rfd8 23. Qf3 Rd2 24. e5 Rad8 25. e6 fxe6 26. Rfe1 Qd7 27. Rxc3 Bxc3 28. Qxc3 Rd1 29. Rxd1 Qxd1+ 30. Kg2 Qd5+ 31. Kg1 Qxb5 32. Qc2 a4 33. Qa2 Qb3 34. Qe2 a3 35. h3 a2 36. Qe5 Qb1+ 37. Kh2 a1=Q 38. Qxa1 Qxa1 0-1

[Event "Ste-Foy 6 2024-25"]
[Site "Ste-Foy CAN"]
[Date "2025.07.07"]
[Round "1"]
[White "Auger, Bertrand"]
[Black "Soubeyrand, Maxence"]
[Result "1-0"]
[ECO "A07"]
[WhiteElo "1843"]
[BlackElo "1206"]
[WhiteFideId "-1"]
[WhiteFideId "-1"]
[PlyCount "89"]
[GameId "2197727418763404"]
[EventDate "2025.07.07"]
[EventType "swiss"]
[EventRounds "5"]
[EventCountry "CAN"]
[TimeControl "5400+30"]

1. Nf3 d5 2. g3 Nf6 3. Bg2 g6 4. b4 Bg7 5. Bb2 O-O 6. d3 Bg4 7. Nbd2 Nbd7 8. O-O c6 9. c4 Nb6 10. c5 Nbd7 11. Qc2 Re8 12. e4 dxe4 13. dxe4 e5 14. Nc4 Bxf3 15. Bxf3 Qc7 16. Nd6 Red8 17. Be2 Ne8 18. Rad1 Nxd6 19. Rxd6 Bf8 20. Rd2 Bh6 21. f4 Re8 22. Rd6 Bf8 23. Rdd1 Bg7 24. Bc4 Rad8 25. Bb3 Nf8 26. Rxd8 Rxd8 27. f5 b6 28. fxg6 hxg6 29. Rxf7 Qxf7 30. Bxf7+ Kxf7 31. cxb6 axb6 32. Qf2+ Kg8 33. Qc2 Ne6 34. Qb3 Kf7 35. Bc1 Ke7 36. h4 Bf6 37. Be3 Nd4 38. Qa4 b5 39. Qa7+ Rd7 40. Qc5+ Ke6 41. Bxd4 exd4 42. Qxc6+ Rd6 43. Qe8+ Be7 44. Qxg6+ Ke5 45. Qf5# 1-0

[Event "Ste-Foy 6 2024-25"]
[Site "Ste-Foy CAN"]
[Date "2025.07.07"]
[Round "1"]
[White "Bergeron, Cedric"]
[Black "Dube, Dominic"]
[Result "0-1"]
[ECO "B12"]
[WhiteElo "1169"]
[BlackElo "1742"]
[WhiteFideId "-1"]
[WhiteFideId "-1"]
[PlyCount "104"]
[GameId "2197727663474864"]
[EventDate "2025.07.07"]
[EventType "swiss"]
[EventRounds "5"]
[EventCountry "CAN"]
[TimeControl "5400+30"]

1. e4 c6 2. d4 d5 3. e5 c5 4. c3 Nc6 5. Nf3 Bg4 6. Bb5 Qb6 7. Be2 e6 8. O-O Bxf3 9. Bxf3 cxd4 10. Qa4 dxc3 11. Nxc3 Bc5 12. a3 Nge7 13. b4 Bd4 14. Bb2 O-O 15. Rac1 Nxe5 16. Be2 Rfc8 17. b5 N7g6 18. Nxd5 Bxf2+ 19. Rxf2 exd5 20. Rcf1 f6 21. Qb3 Nc4 22. Kh1 Nxb2 23. Qxb2 d4 24. Qb3+ Kh8 25. Bc4 Ne5 26. Rc2 Rc5 27. Rfc1 Rac8 28. a4 Nxc4 29. Rxc4 Rxc4 30. Rxc4 Rxc4 31. Qxc4 Qd8 32. Qd3 Qd6 33. Kg1 Qf4 34. Qc4 Qe3+ 35. Kf1 Qf4+ 36. Kg1 h5 37. Qc8+ Kh7 38. Qxb7 Qe3+ 39. Kf1 d3 40. Qf3 Qc1+ 41. Kf2 Qc5+ 42. Qe3 Qc2+ 43. Ke1 Qc3+ 44. Qd2 Qe5+ 45. Kd1 Qa1+ 46. Qc1 Qxa4+ 47. Ke1 Qxb5 48. Kd2 Qg5+ 49. Kd1 Qxc1+ 50. Kxc1 Kg6 51. Kd2 Kf5 52. Kxd3 Kf4 0-1

[Event "Ste-Foy 6 2024-25"]
[Site "Ste-Foy CAN"]
[Date "2025.07.07"]
[Round "1"]
[White "Deschenes, Andre-Philippe"]
[Black "Genest, Jean-Philippe"]
[Result "0-1"]
[ECO "D04"]
[WhiteElo "1145"]
[BlackElo "1638"]
[WhiteFideId "-1"]
[WhiteFideId "-1"]
[PlyCount "34"]
[GameId "2197727862388936"]
[EventDate "2025.07.07"]
[EventType "swiss"]
[EventRounds "5"]
[EventCountry "CAN"]
[TimeControl "5400+30"]

1. d4 Nf6 2. Nf3 g6 3. e3 Bg7 4. Bd3 d5 5. O-O O-O 6. b3 c5 7. Bb2 cxd4 8. exd4 Nc6 9. a3 Be6 10. Nbd2 h6 11. Ne5 Rc8 12. f4 Qb6 13. Ndf3 Bg4 14. c3 Rfd8 15. h3 Bxf3 16. Rxf3 e6 17. Qc2 Nxd4 0-1

[Event "Ste-Foy 6 2024-25"]
[Site "Ste-Foy CAN"]
[Date "2025.07.07"]
[Round "1"]
[White "Laurendeau, Alfred"]
[Black "Lebel, Michel"]
[Result "1-0"]
[ECO "D02"]
[WhiteElo "1500"]
[BlackElo "1009"]
[WhiteFideId "-1"]
[WhiteFideId "-1"]
[PlyCount "35"]
[GameId "2197728152955116"]
[EventDate "2025.07.07"]
[EventType "swiss"]
[EventRounds "5"]
[EventCountry "CAN"]
[TimeControl "5400+30"]

1. Nf3 e6 2. g3 d5 3. Bg2 Nf6 4. O-O Nc6 5. d4 Bd7 6. c4 dxc4 7. Na3 Bxa3 8. bxa3 Qe7 9. Rb1 O-O-O 10. Qc2 Na5 11. Bd2 Qxa3 12. Bxa5 Qxa5 13. Ne5 Bc6 14. Bxc6 bxc6 15. Rb8+ Kxb8 16. Nxc6+ Ka8 17. Nxa5 Rxd4 18. Qb2 1-0

[Event "Ste-Foy 6 2024-25"]
[Site "Ste-Foy CAN"]
[Date "2025.07.07"]
[Round "1"]
[White "Oliver, Vance"]
[Black "Bourassa, Samuel"]
[Result "0-1"]
[ECO "B73"]
[WhiteElo "1391"]
[BlackElo "2011"]
[WhiteFideId "-1"]
[WhiteFideId "-1"]
[PlyCount "50"]
[GameId "2197727235102848"]
[EventDate "2025.07.07"]
[EventType "swiss"]
[EventRounds "5"]
[EventCountry "CAN"]
[TimeControl "5400+30"]

1. e4 c5 2. Nf3 d6 3. d4 cxd4 4. Nxd4 Nf6 5. Nc3 g6 6. Be2 Bg7 7. Be3 O-O 8. O-O Nc6 9. Qd2 Bd7 10. Rad1 Rc8 11. f3 a6 12. Bh6 Nxd4 13. Bxg7 Nxe2+ 14. Nxe2 Kxg7 15. Nd4 Qb6 16. Kh1 Qxb2 17. Rb1 Qxa2 18. Rfc1 Rc7 19. Ra1 Qc4 20. c3 Rd8 21. Rab1 a5 22. h3 e5 23. Ne2 Bc6 24. g4 Nxe4 25. Qe3 Qxe2 0-1

[Event "Ste-Foy 6 2024-25"]
[Site "Ste-Foy CAN"]
[Date "2025.07.07"]
[Round "1"]
[White "Pepin, Pierre-Luc"]
[Black "Sarra-Bournet, Marc"]
[Result "0-1"]
[ECO "D37"]
[WhiteElo "1189"]
[BlackElo "1760"]
[WhiteFideId "-1"]
[WhiteFideId "-1"]
[PlyCount "68"]
[GameId "2197727507245208"]
[EventDate "2025.07.07"]
[EventType "swiss"]
[EventRounds "5"]
[EventCountry "CAN"]
[TimeControl "5400+30"]

1. d4 d5 2. c4 e6 3. e3 Nf6 4. a3 Be7 5. Nc3 O-O 6. Nf3 b6 7. b4 c5 8. dxc5 bxc5 9. bxc5 Bxc5 10. cxd5 exd5 11. Be2 Bf5 12. O-O Nc6 13. Bd3 Bxd3 14. Qxd3 Bd6 15. Rd1 Ne5 16. Nxe5 Bxe5 17. Bb2 Rb8 18. Rab1 Qa5 19. f4 Rxb2 20. fxe5 Rxb1 21. Nxb1 Ng4 22. Qxd5 Qxd5 23. Rxd5 Nxe3 24. Ra5 Ra8 25. a4 Kf8 26. Kf2 Nc4 27. Rc5 Nb6 28. a5 Nd7 29. Rd5 Ke7 30. Ke3 Rb8 31. Nd2 Rb4 32. Kd3 Ke6 33. Rd6+ Ke7 34. Ne4 Nxe5+ 0-1

[Event "Ste-Foy 6 2024-25"]
[Site "Ste-Foy CAN"]
[Date "2025.07.07"]
[Round "1"]
[White "Pinsonneault, Sebastien"]
[Black "Arias Vitela, Derek"]
[Result "1-0"]
[ECO "A85"]
[WhiteElo "1621"]
[BlackElo "1089"]
[WhiteFideId "-1"]
[WhiteFideId "-1"]
[PlyCount "81"]
[GameId "2197728003860692"]
[EventDate "2025.07.07"]
[EventType "swiss"]
[EventRounds "5"]
[EventCountry "CAN"]
[TimeControl "5400+30"]

1. d4 f5 2. c4 Nf6 3. Nc3 g6 4. Nf3 Bg7 5. e3 O-O 6. Bd3 d6 7. Qe2 Nbd7 8. Ng5 Nb8 9. c5 d5 10. Nf3 Ne4 11. O-O c6 12. Nd2 b6 13. cxb6 axb6 14. f3 Nxd2 15. Bxd2 Ba6 16. Rad1 Bxd3 17. Qxd3 e5 18. dxe5 Bxe5 19. Be1 Qd6 20. g3 Na6 21. Bf2 Nc5 22. Qc2 Qf6 23. Rd2 Rfd8 24. Rfd1 Ne6 25. Na4 b5 26. Nb6 Ra6 27. Qxc6 Rd6 28. Qc8+ Nd8 29. Qxa6 Rxb6 30. Qa8 Rb8 31. Qxd5+ Kg7 32. b3 Nf7 33. e4 Bc3 34. Rd3 b4 35. Rxc3 Kh6 36. Be3+ Kh5 37. g4+ Kh4 38. Rc7 Ng5 39. Bxg5+ Kxg5 40. Rxh7 Rd8 41. Qxd8 1-0

[Event "Ste-Foy 6 2024-25"]
[Site "Ste-Foy CAN"]
[Date "2025.07.07"]
[Round "1"]
[White "Savard, Alexandre"]
[Black "Couture, Francois"]
[Result "1-0"]
[ECO "B57"]
[WhiteElo "1756"]
[BlackElo "1176"]
[WhiteFideId "-1"]
[WhiteFideId "-1"]
[PlyCount "63"]
[GameId "2197727596771492"]
[EventDate "2025.07.07"]
[EventType "swiss"]
[EventRounds "5"]
[EventCountry "CAN"]
[TimeControl "5400+30"]

1. e4 c5 2. Nf3 d6 3. Bc4 Nf6 4. Nc3 Nc6 5. d4 cxd4 6. Nxd4 e5 7. Nde2 Qb6 8. Be3 Qc7 9. O-O a6 10. Nd5 Nxd5 11. Bxd5 Be7 12. c4 b5 13. cxb5 axb5 14. Rc1 Bb7 15. Qb3 O-O 16. Qxb5 Rfc8 17. b4 Ba6 18. Qxc6 Qxc6 19. Bxc6 Rab8 20. b5 Bxb5 21. Bxb5 Rxc1 22. Rxc1 Rxb5 23. Rc8+ Bf8 24. f3 f6 25. a4 Rb3 26. Kf2 Ra3 27. Ra8 Kf7 28. a5 Ke6 29. a6 Be7 30. a7 d5 31. exd5+ Kxd5 32. Re8 1-0

[Event "Ste-Foy 6 2024-25"]
[Site "Ste-Foy CAN"]
[Date "2025.07.07"]
[Round "1"]
[White "Simard, Rejean"]
[Black "Demers, Nathan"]
[Result "0-1"]
[ECO "D05"]
[WhiteElo "1011"]
[BlackElo "1596"]
[WhiteFideId "-1"]
[WhiteFideId "-1"]
[PlyCount "74"]
[GameId "2197728071031008"]
[EventDate "2025.07.07"]
[EventType "swiss"]
[EventRounds "5"]
[EventCountry "CAN"]
[TimeControl "5400+30"]

1. d4 Nf6 2. Nd2 d5 3. Ngf3 e6 4. e3 c5 5. c3 Nc6 6. Be2 Be7 7. O-O O-O 8. b3 b6 9. Bb2 Bb7 10. c4 Rc8 11. Rc1 Ne4 12. Nxe4 dxe4 13. Ne1 cxd4 14. exd4 Bg5 15. Rb1 Qc7 16. Nc2 Rfd8 17. Ne3 Ne7 18. Bg4 f5 19. Bh3 Bf6 20. Rc1 Nc6 21. Nxf5 exf5 22. Bxf5 Rb8 23. Be6+ Kh8 24. Bd5 Nb4 25. Qe2 Nxd5 26. cxd5 Qe7 27. Rc2 Rxd5 28. Rfc1 Rd7 29. Qg4 Rbd8 30. h3 Bxd4 31. Bxd4 Rxd4 32. Rc7 R4d7 33. Rxd7 Qxd7 34. Rc4 Qd1+ 35. Kh2 Qxg4 36. hxg4 Rd7 37. Rxe4 Bxe4 0-1

[Event "Ste-Foy 6 2024-25"]
[Site "Ste-Foy CAN"]
[Date "2025.07.07"]
[Round "1"]
[White "Tremblay, Noah"]
[Black "Aguilar Balzano, Sebastian"]
[Result "0-1"]
[ECO "C06"]
[WhiteElo "1726"]
[BlackElo "1157"]
[WhiteFideId "-1"]
[WhiteFideId "-1"]
[PlyCount "32"]
[GameId "2197727750228156"]
[EventDate "2025.07.07"]
[EventType "swiss"]
[EventRounds "5"]
[EventCountry "CAN"]
[TimeControl "5400+30"]

1. e4 e6 2. d4 d5 3. Nd2 Nf6 4. e5 Nfd7 5. Bd3 c5 6. c3 Nc6 7. Ne2 Qb6 8. Nf3 Be7 9. O-O O-O 10. Qc2 h6 11. Nf4 cxd4 12. cxd4 Nxd4 13. Nxd4 Qxd4 14. Re1 Qc5 15. Bh7+ Kh8 16. Ng6+ fxg6 0-1

[Event "Ste-Foy 6 2024-25"]
[Site "Ste-Foy CAN"]
[Date "2025.07.14"]
[Round "2"]
[White "Arias Vitela, Derek"]
[Black "Oliver, Vance"]
[Result "0-1"]
[ECO "D05"]
[WhiteElo "1089"]
[BlackElo "1391"]
[WhiteFideId "-1"]
[WhiteFideId "-1"]
[PlyCount "122"]
[GameId "2201105245304631"]
[EventDate "2025.07.07"]
[EventType "swiss"]
[EventRounds "5"]
[EventCountry "CAN"]
[TimeControl "5400+30"]

1. d4 Nf6 2. e3 d5 3. Nf3 e6 4. Bd3 c5 5. c3 Nc6 6. Nbd2 cxd4 7. exd4 Be7 8. Ne5 O-O 9. O-O Nxe5 10. dxe5 Nd7 11. f4 Bc5+ 12. Kh1 f5 13. Nb3 Bb6 14. Qh5 Qe8 15. Qh4 Bd8 16. Qh3 b6 17. g4 g6 18. Rg1 Bb7 19. Nd4 Nc5 20. Bc2 Ne4 21. Be3 Qf7 22. gxf5 exf5 23. Rg2 Be7 24. Rag1 Bc8 25. Qh6 Bg5 26. fxg5 f4 27. e6 Bxe6 28. Nxe6 fxe3 29. Bxe4 Qxe6 30. Bd3 Rf3 31. b3 Rh3 32. c4 Rxh6 33. cxd5 Qxd5 34. Bc4 Qxc4 35. bxc4 Rh4 36. Re2 Re8 37. Rge1 Rhe4 38. Kg2 Rxc4 39. Kf3 Rc3 40. Rxe3 Rcxe3+ 41. Rxe3 Rxe3+ 42. Kxe3 Kf7 43. Kd4 Ke6 44. a4 a6 45. h3 Kd6 46. Ke4 b5 47. a5 b4 48. Kd4 b3 49. Kc3 Kc5 50. Kxb3 Kb5 51. Kc3 Kxa5 52. Kd4 Kb4 53. Ke5 a5 54. Kf6 a4 55. Kg7 a3 56. Kxh7 a2 57. Kxg6 a1=Q 58. h4 Kc5 59. h5 Kd6 60. h6 Ke7 61. Kh7 Kf8 0-1

[Event "Ste-Foy 6 2024-25"]
[Site "Ste-Foy CAN"]
[Date "2025.07.14"]
[Round "2"]
[White "Couture, Francois"]
[Black "Blais, Pierre-Luc"]
[Result "0-1"]
[ECO "D02"]
[WhiteElo "1176"]
[BlackElo "1469"]
[WhiteFideId "-1"]
[WhiteFideId "-1"]
[PlyCount "60"]
[GameId "2201105245927227"]
[EventDate "2025.07.07"]
[EventType "swiss"]
[EventRounds "5"]
[EventCountry "CAN"]
[TimeControl "5400+30"]

1. Nf3 d5 2. g3 Nf6 3. Bg2 c5 4. O-O Nc6 5. d4 Bg4 6. c4 Bxf3 7. Bxf3 Nxd4 8. Bg2 e6 9. Qa4+ Qd7 10. Qxd7+ Kxd7 11. e3 Nc2 12. Rd1 Nxa1 13. Rd2 Bd6 14. b3 Ne4 15. Bxe4 dxe4 16. Bb2 Nxb3 17. axb3 f6 18. Nc3 Kc6 19. Nxe4 Rad8 20. f4 Be7 21. Re2 Rd1+ 22. Kg2 Rhd8 23. Bc3 R1d3 24. b4 cxb4 25. Bd4 a5 26. Nf2 Ra3 27. Nd1 e5 28. fxe5 fxe5 29. Bxe5 Rxd1 30. Bxg7 b3 0-1

[Event "Ste-Foy 6 2024-25"]
[Site "Ste-Foy CAN"]
[Date "2025.07.14"]
[Round "2"]
[White "Houde, Louis-Thomas"]
[Black "Pepin, Pierre-Luc"]
[Result "1-0"]
[ECO "C01"]
[WhiteElo "1421"]
[BlackElo "1189"]
[WhiteFideId "-1"]
[WhiteFideId "-1"]
[PlyCount "140"]
[GameId "2201105245640505"]
[EventDate "2025.07.07"]
[EventType "swiss"]
[EventRounds "5"]
[EventCountry "CAN"]
[TimeControl "5400+30"]

1. e4 e6 2. d4 d5 3. exd5 exd5 4. Nf3 a6 5. Bd3 Nf6 6. Bg5 Bd6 7. Nbd2 O-O 8. O-O Nbd7 9. Re1 Re8 10. a3 b6 11. c4 dxc4 12. Bxc4 Bb7 13. Qb3 Rf8 14. Re2 b5 15. a4 Bxf3 16. Qxf3 bxc4 17. Rd1 Rb8 18. Nxc4 Re8 19. Rde1 h6 20. Bf4 Bb4 21. Rxe8+ Nxe8 22. Rd1 Qf6 23. Qg4 Nb6 24. Ne5 Rd8 25. b3 Bc3 26. Be3 Nd5 27. Rf1 Rb8 28. Nd7 Qd8 29. Nxb8 Qxb8 30. Qf5 Nef6 31. Qc2 Qe8 32. Qd3 Qe6 33. Bd2 Bxd2 34. Qxd2 Qb6 35. Rb1 Nb4 36. h3 Nc6 37. d5 Ne7 38. a5 Qb8 39. Qe2 Qb4 40. Qxa6 Nexd5 41. Qa8+ Qf8 42. Qxf8+ Kxf8 43. a6 Nb6 44. Rc1 Nfd5 45. Rc5 Ke7 46. a7 Kd6 47. Rc4 c5 48. Re4 Nc7 49. g4 Nb5 50. Ra4 Ke7 51. a8=Q Nxa8 52. Rxa8 Kd6 53. Rg8 Nd4 54. Rxg7 Nxb3 55. Rxf7 c4 56. Rf8 Kd5 57. f4 c3 58. Rc8 Kd4 59. Rd8+ Ke4 60. f5 c2 61. Rc8 Nd4 62. f6 Kd3 63. Kf2 Kd2 64. Kg3 c1=Q 65. Rxc1 Kxc1 66. Kf4 Ne6+ 67. Ke5 Nd8 68. Kd6 Nf7+ 69. Ke7 Nh8 70. f7 Ng6+ 1-0

[Event "Ste-Foy 6 2024-25"]
[Site "Ste-Foy CAN"]
[Date "2025.07.14"]
[Round "2"]
[White "Lebel, Michel"]
[Black "Cantin, Guillaume"]
[Result "0-1"]
[ECO "C02"]
[WhiteElo "1009"]
[BlackElo "1246"]
[WhiteFideId "-1"]
[WhiteFideId "-1"]
[PlyCount "64"]
[GameId "2201105242453809"]
[EventDate "2025.07.07"]
[EventType "swiss"]
[EventRounds "5"]
[EventCountry "CAN"]
[TimeControl "5400+30"]

1. e4 e6 2. Nf3 d5 3. e5 c5 4. d4 Nc6 5. c3 Qb6 6. Be2 cxd4 7. cxd4 Nge7 8. Nc3 Nf5 9. b3 Nfxd4 10. Be3 Nxf3+ 11. Bxf3 Qd8 12. O-O Nxe5 13. Bf4 Nxf3+ 14. Qxf3 Bd6 15. Nb5 Bb8 16. Rfe1 O-O 17. Bd2 Bd7 18. Nd4 Re8 19. g3 e5 20. Nc2 e4 21. Qe3 Bc6 22. Nd4 Be5 23. Rac1 Bxd4 24. Qxd4 Qb6 25. Qb2 Rad8 26. Be3 d4 27. Bg5 f6 28. Bf4 g5 29. Bd2 e3 30. fxe3 dxe3 31. Bxe3 Rxe3 32. Qxf6 Rxe1# 0-1

[Event "Ste-Foy 6 2024-25"]
[Site "Ste-Foy CAN"]
[Date "2025.07.14"]
[Round "2"]
[White "Lescarbeau, Martin"]
[Black "Michaud, Alexandre"]
[Result "1-0"]
[ECO "B22"]
[WhiteElo "1728"]
[BlackElo "1483"]
[WhiteFideId "-1"]
[WhiteFideId "-1"]
[PlyCount "39"]
[GameId "2201105246996287"]
[EventDate "2025.07.07"]
[EventType "swiss"]
[EventRounds "5"]
[EventCountry "CAN"]
[TimeControl "5400+30"]

1. e4 c5 2. Nf3 d6 3. c3 e5 4. d4 cxd4 5. cxd4 Bg4 6. Bb5+ Nd7 7. dxe5 Bxf3 8. Qxf3 dxe5 9. O-O a6 10. Ba4 Ngf6 11. Nc3 Bc5 12. Bg5 Qa5 13. Bxf6 gxf6 14. Qxf6 Rg8 15. Bxd7+ Kxd7 16. Qxf7+ Kc6 17. Qe6+ Bd6 18. Nd5 Rge8 19. Rfc1+ Kb5 20. Qxd6 1-0

[Event "Ste-Foy 6 2024-25"]
[Site "Ste-Foy CAN"]
[Date "2025.07.14"]
[Round "2"]
[White "Soubeyrand, Maxence"]
[Black "Simard, Rejean"]
[Result "1/2-1/2"]
[ECO "C41"]
[WhiteElo "1206"]
[BlackElo "1011"]
[WhiteFideId "-1"]
[WhiteFideId "-1"]
[PlyCount "89"]
[GameId "2201105242199855"]
[EventDate "2025.07.07"]
[EventType "swiss"]
[EventRounds "5"]
[EventCountry "CAN"]
[TimeControl "5400+30"]

1. d4 d6 2. e4 Nd7 3. Nf3 Ngf6 4. Nc3 e5 5. d5 h6 6. Bb5 Be7 7. O-O O-O 8. Be3 a6 9. Ba4 Ng4 10. Bd2 Nc5 11. Bb3 Nxb3 12. axb3 Bd7 13. h3 Nf6 14. Re1 Re8 15. Na4 Qc8 16. c4 Nh7 17. Nc3 f5 18. Bc1 Kh8 19. b4 b6 20. b3 Rf8 21. Nd2 g5 22. exf5 Bxf5 23. Qh5 Kg7 24. Nde4 Bg6 25. Qd1 Qd7 26. Bb2 Kg8 27. Qe2 Nf6 28. Nxf6+ Rxf6 29. Ne4 Rff8 30. Ra2 Qe8 31. Rea1 Bxe4 32. Qxe4 Rf4 33. Qc2 Qf7 34. Rxa6 Rf8 35. Rf1 h5 36. Bc1 Rf5 37. g3 Qg7 38. Be3 g4 39. h4 Bxh4 40. gxh4 g3 41. Ra8 gxf2+ 42. Kh2 Qg4 43. Rxf8+ Rxf8 44. Bxf2 Qf4+ 45. Kg2 1/2-1/2

[Event "Ste-Foy 6 2024-25"]
[Site "Ste-Foy CAN"]
[Date "2025.07.14"]
[Round "2"]
[White "Taran, Maksim"]
[Black "Tremblay, Noah"]
[Result "0-1"]
[ECO "C55"]
[WhiteElo "936"]
[BlackElo "1726"]
[WhiteFideId "-1"]
[WhiteFideId "-1"]
[PlyCount "108"]
[GameId "2201105246201661"]
[EventDate "2025.07.07"]
[EventType "swiss"]
[EventRounds "5"]
[EventCountry "CAN"]
[TimeControl "5400+30"]

1. e4 e5 2. Nf3 Nc6 3. Bc4 Nf6 4. c3 Nxe4 5. d4 exd4 6. Qe2 d5 7. Bd3 Qe7 8. Bxe4 dxe4 9. Nfd2 e3 10. fxe3 dxe3 11. Nf3 Bg4 12. O-O Ne5 13. Bxe3 Bxf3 14. Rxf3 Nxf3+ 15. Qxf3 O-O-O 16. Nd2 Qe6 17. Nb3 Bd6 18. Na5 c6 19. Bxa7 Bb8 20. Bxb8 Kxb8 21. Qg3+ Qd6 22. Qxd6+ Rxd6 23. Nc4 Re6 24. Rd1 Rhe8 25. Kf1 Rf6+ 26. Kg1 Re2 27. Rf1 Rxf1+ 28. Kxf1 Re6 29. a4 b5 30. axb5 cxb5 31. Na3 Re5 32. b4 Kc7 33. Nc2 Kd6 34. Nd4 Kd5 35. Nxb5 Ke4 36. Nd4 Kd3 37. b5 Kxc3 38. Nc6 Rxb5 39. Nd8 Kd3 40. h3 Ke3 41. Kg1 f5 42. Nf7 Rb1+ 43. Kh2 f4 44. Ng5 h6 45. Nf3 Rf1 46. Ng1 g5 47. Nf3 Rxf3 48. gxf3 Kxf3 49. Kg1 Ke2 50. Kg2 f3+ 51. Kg1 f2+ 52. Kg2 f1=Q+ 53. Kg3 Qf2+ 54. Kg4 Qf3# 0-1

[Event "Ste-Foy 6 2024-25"]
[Site "Ste-Foy CAN"]
[Date "2025.07.14"]
[Round "2"]
[White "Tremblay, Charles"]
[Black "Fahmi, Adam"]
[Result "0-1"]
[ECO "D02"]
[WhiteElo "1512"]
[BlackElo "1865"]
[WhiteFideId "-1"]
[WhiteFideId "-1"]
[PlyCount "72"]
[GameId "2201105247303489"]
[EventDate "2025.07.07"]
[EventType "swiss"]
[EventRounds "5"]
[EventCountry "CAN"]
[TimeControl "5400+30"]

1. d4 Nf6 2. Bf4 d5 3. Nf3 c5 4. e3 Nc6 5. Nbd2 Bf5 6. Be2 e6 7. O-O h6 8. c3 Bd6 9. Ne5 Qc7 10. Ndf3 O-O 11. Nxc6 Bxf4 12. exf4 bxc6 13. Ne5 Rab8 14. b3 Rfc8 15. Bd3 Ne4 16. Bxe4 Bxe4 17. dxc5 f6 18. Nd3 Bxd3 19. Qxd3 Qxf4 20. Qd4 Qc7 21. Rfe1 e5 22. Qd3 a5 23. Re3 Rb5 24. Rg3 Re8 25. Qg6 Kf8 26. Qh7 Qf7 27. Qd3 Rxc5 28. Qa6 Qc7 29. Qd3 Rb5 30. Rd1 Rbb8 31. Qh7 Qf7 32. Qd3 Rbd8 33. Qa6 Qc7 34. Qd3 e4 35. Qe3 Kg8 36. Qxh6 Qxg3 0-1